cohdb
Replays
Latest Replays
All Replays
Popular Replays
Top Player Replays
Match Explorer
How It Works
Community
CoH3 Stats
Reddit
Sign in to upload your games and track your stats! →
Sign in with Steam
Match 24727459
Unlisted
Match 24727459
Overview
Messages
Build Orders
End
Construct Weapon Support Center
Selects Armored Battlegroup
Selects Assault Engineers
Assault Engineer Squad
Assault Engineer Squad
M1919 Machine Gun Team
M1919 Machine Gun Team
Bazooka Squad
Mechanized Support Center
Bazooka Squad
M16 Multiple Gun Motor Carriage
Selects Fast Deploy
M16 Multiple Gun Motor Carriage
M1919 Machine Gun Team
Construct Barracks
Selects M31 Recovery Vehicle
Riflemen Squad
Riflemen Squad
Riflemen Squad
Construct Motor Pool
Grenade Package
Serial Chiller
philthy
aznovo123
泰伦
Cortana
Darth Wraith Bohemia Protektor
Redmarshal
流萤酱的郁金香将点燃大海
0
0
Comments
sign in to comment!
No comments posted yet!